 Dungeon Crawl Stone Soup version 0.28.0-45-g0d030f2227 (webtiles) character file.

Game seed: 7695310166226645445

1543 MisterFreud the Covert (level 8, 0/67 HPs)
             Began as a Gnoll Delver on May 6, 2022.
             Was an Initiate of Hepliaklqana.
             Slain by a wyvern zombie (13 damage)
             ... on level 6 of the Dungeon.
             The game lasted 00:09:59 (6886 turns).

MisterFreud the Covert (Gnoll Delver)               Turns: 6886, Time: 00:09:59

Health: 0/67       AC:  6    Str: 13    XL:     8   Next: 87%
Magic:  13/13      EV: 13    Int: 11    God:    Hepliaklqana [......]
Gold:   285        SH:  5    Dex: 13    Spells: 14/14 levels left

rFire   . . .      SeeInvis .   a - +2 short sword (speed)
rCold   . . .      Faith    .   y - +0 buckler
rNeg    + . .      Spirit   .   F - +1 leather armour {Will+}
rPois   .          Reflect  .   (no helmet)
rElec   .          Harm     .   (no cloak)
rCorr   .          Rampage  .   z - +0 pair of gloves
Will    .....                   A - +0 pair of boots
Stlth   ++++......              (no amulet)
HPRegen 0.21/turn               k - ring of positive energy
MPRegen 0.13/turn               (no ring)

@: weak-willed
A: fangs 1, strong nose, distributed training
a: Renounce Religion


You were on level 6 of the Dungeon.
You worshipped Hepliaklqana.
Hepliaklqana was noncommittal.
You visited 1 branch of the dungeon, and saw 6 of its levels.

You collected 285 gold pieces.

Inventory:

Hand Weapons
 a - a +2 short sword of speed (weapon)
 b - a +5 hunting sling
 w - a +4 dagger
Missiles
 j - 4 curare-tipped darts (quivered)
 q - 204 stones
 x - 5 poisoned darts
 D - 14 sling bullets
Armour
 y - a +0 buckler (worn)
 z - a +0 pair of gloves (worn)
 A - a +0 pair of boots (worn)
 F - a +1 leather armour of willpower (worn)
Jewellery
 k - a ring of positive energy (left hand)
Wands
 g - a wand of digging (8)
 h - a wand of charming (7)
Scrolls
 c - 2 scrolls of fog
 d - 2 scrolls of magic mapping
 e - a scroll of fear
 m - a scroll of holy word {unknown}
 o - 2 scrolls of teleportation
 p - a scroll of immolation
 r - 5 scrolls of vulnerability
Potions
 f - a potion of haste
 l - 2 potions of brilliance
 n - 2 potions of curing
 s - a potion of berserk rage
 t - a potion of flight
 u - 2 potions of might
 v - a potion of heal wounds
 B - 3 potions of ambrosia
 C - a potion of mutation
 E - a potion of degeneration {unknown}


   Skills:
 + Level 7.5 Fighting
 + Level 5.9 Short Blades
 + Level 3.6 Long Blades
 + Level 3.6 Axes
 + Level 3.6 Maces & Flails
 + Level 3.6 Polearms
 + Level 3.6 Staves
 + Level 3.6 Slings
 + Level 3.6 Bows
 + Level 3.6 Crossbows
 + Level 3.6 Throwing
 + Level 3.6 Armour
 + Level 5.9 Dodging
 + Level 10.3 Stealth
 + Level 3.6 Shields
 + Level 3.6 Unarmed Combat
 + Level 3.6 Spellcasting
 + Level 3.0 Conjurations
 + Level 3.0 Hexes
 + Level 3.0 Summonings
 + Level 3.0 Necromancy
 + Level 3.0 Translocations
 + Level 3.0 Transmutations
 + Level 3.0 Fire Magic
 + Level 3.0 Ice Magic
 + Level 3.0 Air Magic
 + Level 3.0 Earth Magic
 + Level 3.0 Poison Magic
 + Level 4.0 Invocations
 + Level 3.6 Evocations


You had 14 spell levels left.
You didn't know any spells.
Your spell library contained the following spells:

 Spells                   Type           Power      Damage    Failure   Level
 Apportation              Tloc           16%        N/A       12%         1
 Dazzling Flash           Conj/Hex       16%        N/A       34%         3
 Iskenderun's Mystic Bla  Conj/Tloc      8%         2d4       75%         4
 Alistair's Intoxication  Tmut/Pois      5%         N/A       97%         5
 Starburst                Conj/Fire      4%         6d3       100%        6


Dungeon Overview and Level Annotations

Branches:
Dungeon (6/15)
 Temple: D:4-7

Altars:
Hepliaklqana
Makhleb
Nemelex Xobeh

Annotations:
D:6 2 runed translucent doors


Innate Abilities, Weirdness & Mutations

You have very sharp teeth.
Your uncanny sense of smell can sniff out nearby items.
Your experience applies equally to all skills.


Message History

You hit the wyvern zombie but do no damage.
Your bite misses the wyvern zombie. You puncture the wyvern zombie!
The wyvern zombie is lightly damaged.
The wyvern zombie closely misses you.
You hit the wyvern zombie but do no damage.
You bite the wyvern zombie, but do no damage.
The wyvern zombie is lightly damaged.
The wyvern zombie closely misses you.
You puncture the wyvern zombie!
The wyvern zombie is moderately damaged.
You barely miss the wyvern zombie.
The wyvern zombie is moderately damaged.
The wyvern zombie bites you but does no damage.
The orc wizard shouts!
You hit the wyvern zombie.
The wyvern zombie is heavily damaged.
The wyvern zombie completely misses you.
The orc warrior barely misses you.
You hit the wyvern zombie.
The wyvern zombie is heavily damaged.
You block the wyvern zombie's attack.
You hit the wyvern zombie. Your bite misses the wyvern zombie.
The wyvern zombie is heavily damaged.
You block the wyvern zombie's attack.
The orc warrior hits you from afar with a +0 glaive!!
You hit the wyvern zombie.
The wyvern zombie is severely damaged.
You hit the wyvern zombie.
You bite the wyvern zombie, but do no damage.
The wyvern zombie is severely damaged.
The wyvern zombie barely misses you. The orc warrior misses you.
You puncture the wyvern zombie!
The wyvern zombie is almost destroyed.
The wyvern zombie bites you!
* * * LOW HITPOINT WARNING * * *
You barely miss the wyvern zombie. Your bite misses the wyvern zombie.
The wyvern zombie is almost destroyed.
You block the orc warrior's attack. The wyvern zombie bites you!
You die...

#.# .oo.
##.##....
#.........
##...#.....
#...## h.##
#Zo## ##
#o## #Z#
#@# #...#
#.....
#....8#
#....+..
##...8#..
#.####++# #
#.# .# . ##


You could see an orc warrior, an orc wizard, a bullfrog zombie and a wyvern
zombie.

Vanquished Creatures
  Eustachio (D:5)
  Edmund (D:4)
  A black bear (D:5)
  A centaur (D:6)
  A phantom (D:4)
  2 scorpions (D:5)
  A wyvern skeleton (D:6)
  A howler monkey (D:5)
  A bullfrog zombie (D:5)
  2 hounds (D:5)
  A jelly (D:5)
  4 orc priests
  A gnoll shaman (D:5)
  A bullfrog skeleton (D:5)
  Natasha (thrice) (D:2)
  2 iguanas
  A scorpion zombie (D:5)
  2 orc wizards (D:5)
  6 gnolls
  17 adders
  A worm (D:2)
  2 dart slugs
  21 orcs
  11 ball pythons
  5 endoplasms
  3 giant cockroaches
  8 goblins
  7 hobgoblins
  10 jackals
  5 bats
  12 frilled lizards
  11 kobolds
  7 rats
153 creatures vanquished.

Vanquished Creatures (others)
  2 withered plants (D:6)
2 creatures vanquished.

Grand Total: 155 creatures vanquished

Notes
Turn   | Place    | Note
-------+----------+-------------------------------------------
     0 | D:5      | Reached skill level 9 in Stealth
     0 | D:5      | MisterFreud the Gnoll Delver began the quest for the Orb.
     0 | D:5      | Reached XP level 1. HP: 23/23 MP: 1/1
    38 | D:5      | Reached XP level 2. HP: 20/29 MP: 1/3
    38 | D:5      | Reached XP level 3. HP: 25/35 MP: 1/4
   287 | D:4      | Reached skill level 1 in Invocations
   303 | D:4      | Noticed a phantom
   376 | D:3      | Reached skill level 1 in Long Blades
   376 | D:3      | Reached skill level 1 in Axes
   376 | D:3      | Reached skill level 1 in Maces & Flails
   376 | D:3      | Reached skill level 1 in Polearms
   376 | D:3      | Reached skill level 1 in Staves
   376 | D:3      | Reached skill level 1 in Slings
   376 | D:3      | Reached skill level 1 in Bows
   376 | D:3      | Reached skill level 1 in Crossbows
   376 | D:3      | Reached skill level 1 in Throwing
   376 | D:3      | Reached skill level 1 in Armour
   376 | D:3      | Reached skill level 1 in Shields
   376 | D:3      | Reached skill level 1 in Unarmed Combat
   376 | D:3      | Reached skill level 1 in Spellcasting
   376 | D:3      | Reached skill level 1 in Evocations
   385 | D:3      | Reached XP level 4. HP: 41/41 MP: 5/5
   434 | D:3      | Reached skill level 1 in Conjurations
   434 | D:3      | Reached skill level 1 in Hexes
   434 | D:3      | Reached skill level 1 in Summonings
   434 | D:3      | Reached skill level 1 in Necromancy
   434 | D:3      | Reached skill level 1 in Translocations
   434 | D:3      | Reached skill level 1 in Transmutations
   434 | D:3      | Reached skill level 1 in Fire Magic
   434 | D:3      | Reached skill level 1 in Ice Magic
   434 | D:3      | Reached skill level 1 in Air Magic
   434 | D:3      | Reached skill level 1 in Earth Magic
   434 | D:3      | Reached skill level 1 in Poison Magic
   579 | D:2      | Reached XP level 5. HP: 44/47 MP: 6/6
   611 | D:2      | Noticed Natasha
   619 | D:2      | Killed Natasha
   627 | D:2      | Noticed Natasha
   649 | D:2      | Killed Natasha
   662 | D:2      | Noticed Natasha
  1126 | D:2      | Killed Natasha
  1597 | D:2      | Reached XP level 6. HP: 53/53 MP: 8/8
  2990 | D:3      | Reached skill level 5 in Short Blades
  2990 | D:3      | Reached skill level 5 in Dodging
  3106 | D:3      | Found a sparkling altar of Nemelex Xobeh.
  3695 | D:4      | Reached XP level 7. HP: 45/59 MP: 10/10
  4183 | D:5      | Noticed Eustachio
  4251 | D:5      | Killed Eustachio
  4252 | D:5      | Reached skill level 10 in Stealth
  4547 | D:5      | Reached XP level 8. HP: 60/67 MP: 12/12
  5768 | D:4      | Found a burning altar of Makhleb.
  5775 | D:4      | Found a hazy altar of Hepliaklqana.
  5798 | D:4      | Noticed Edmund
  5817 | D:4      | Killed Edmund
  5857 | D:4      | Became a worshipper of Hepliaklqana the Forgotten
  6873 | D:6      | Found a large runed translucent door.
  6873 | D:6      | Found a large runed translucent door.
  6886 | D:6      | Slain by a wyvern zombie

Illustrated notes

Levels and vault maps discovered:
D:1:      heliophobic_arrival_enchanted_forest, layout_loops_cross,
          minmay_lizard_pond
D:2:      layout_basic, uniq_natasha
D:3:      layout_loops_corners, nemelex_dance_club_becter, serial_bayou_pond_a,
          minmay_snake_closets
D:4:      layout_cave_pools, minitemple, serial_park, serial_park_paths
          [serial_park_minivault_5x5_3], serial_park_square3
          [serial_park_minivault_5x5_1], serial_park_avenue1,
          serial_park_tiny_pond, uniq_edmund
D:5:      layout_basic, uniq_eustachio
D:6:      kennysheep_steamy, layout_cave_pools, jmf_multi_god_temple2,
          minmay_temple_entry_statues_fountains, serial_undead, serial_undead_e,
          serial_undead_e, serial_undead_b, serial_undead_e

Skill      XL: |  1  2  3  4  5  6  7  8 |
---------------+-------------------------+-----
Stealth        | 10 | 10.3
Invocations    | 1 2 3 4 |  4.0
Long Blades    | 1 2 3 |  3.6
Axes           | 1 2 3 |  3.6
Maces & Flails | 1 2 3 |  3.6
Polearms       | 1 2 3 |  3.6
Staves         | 1 2 3 |  3.6
Slings         | 1 2 3 |  3.6
Bows           | 1 2 3 |  3.6
Crossbows      | 1 2 3 |  3.6
Throwing       | 1 2 3 |  3.6
Armour         | 1 2 3 |  3.6
Shields        | 1 2 3 |  3.6
Unarmed Combat | 1 2 3 |  3.6
Spellcasting   | 1 2 3 |  3.6
Evocations     | 1 2 3 |  3.6
Conjurations   | 1 2 3 |  3.0
Hexes          | 1 2 3 |  3.0
Summonings     | 1 2 3 |  3.0
Necromancy     | 1 2 3 |  3.0
Translocations | 1 2 3 |  3.0
Transmutations | 1 2 3 |  3.0
Fire Magic     | 1 2 3 |  3.0
Ice Magic      | 1 2 3 |  3.0
Air Magic      | 1 2 3 |  3.0
Earth Magic    | 1 2 3 |  3.0
Poison Magic   | 1 2 3 |  3.0
Short Blades   | 5 |  5.9
Dodging        | 5 |  5.9
Fighting       | 7 |  7.5

Action                   |  1- 3 |  4- 6 |  7- 9 || total
-------------------------+-------+-------+-------++-------
Melee: Short sword       |    10 |   256 |   377 ||   643
       Bite              |       |    16 |    46 ||    62
       Punch             |       |     1 |       ||     1
 Fire: Hunting sling     |       |       |    17 ||    17
  Use: Potion            |       |       |     1 ||     1
       Scroll            |       |       |    10 ||    10
 Stab: Sleeping          |     7 |    31 |     6 ||    44
Armor: Leather armour    |       |    33 |    55 ||    88
Dodge: Dodged            |     1 |   117 |   199 ||   317
Block: Buckler           |       |     4 |    75 ||    79
